 Dungeon Crawl Stone Soup version 0.18.1-6-gd335043 (webtiles) character file.

1628 shmeve the Ducker (level 8, -2/120 HPs)
             Began as a Troll Berserker on May 16, 2016.
             Was an Elder of Trog.
             Slain by Duvessa
             ... wielding a +1 short sword of electrocution
              (6 damage)
             ... on level 6 of the Dungeon.
             The game lasted 00:13:29 (4917 turns).

shmeve the Ducker (Troll Berserker)                 Turns: 4917, Time: 00:13:29

Health: -2/120     AC:  8    Str: 33    XL:     8   Next: 65%
Magic:  7/7        EV: 11    Int: 10    God:    Trog [****..]
Gold:   330        SH:  0    Dex:  9    Spells: 0 memorised, 7 levels left

rFire  + . .     SeeInvis .     A - +0 war axe
rCold  . . .     Gourm    +     b - +1 troll leather armour "Vulummum" {rPois Regen+ Int+7 Stlth-} (curse)
rNeg   . . .     Faith    .     (no shield)
rPois  +         Spirit   .     (helmet restricted)
rElec  .         Dismiss  .     (no cloak)
rCorr  .         Reflect  .     (gloves unavailable)
SustAt .         Harm     .     (boots unavailable)
MR     .....                    (no amulet)
Stlth  ..........               y - +2 ring of slaying
                                r - ring of protection from fire

@: berserking, very quick, not resistant to hostile enchantments, extremely
unstealthy
A: unfitting armour, claws 3, fast metabolism 3, gourmand, regeneration 2,
shaggy fur 1, tough skin 2
a: Berserk, Trog's Hand, Brothers in Arms, Burn Spellbooks, Renounce Religion


You were on level 6 of the Dungeon.
You worshipped Trog.
Trog was greatly pleased with you.
You were very full.

You visited 1 branch of the dungeon, and saw 6 of its levels.
You also visited: Sewer.

You collected 330 gold pieces.

Inventory:

Hand Weapons
 A - a +0 war axe (weapon)
Missiles
 w - 93 stones (quivered)
Armour
 b - the cursed +1 troll leather armour "Vulummum" (worn) {rPois Regen+ Int+7 Stlth-}
   (You found it on level 4 of the Dungeon)

   It affects your intelligence (+7).
   It protects you from poison.
   It increases your rate of regeneration.
   It makes you less stealthy.
   It has a curse placed upon it.
Jewellery
 r - a ring of protection from fire (left claw)
 x - an uncursed ring of flight
 y - a +2 ring of slaying (right claw)
Scrolls
 d - 3 scrolls of fear {unknown}
 e - 7 scrolls of identify {unknown}
 g - 3 scrolls of recharging {unknown}
 i - 4 scrolls of remove curse {unknown}
 k - a scroll of magic mapping {unknown}
 m - a scroll of enchant weapon {unknown}
 n - a scroll of amnesia {unknown}
 p - a scroll of noise {unknown}
 q - 2 scrolls of immolation {unknown}
 u - 2 scrolls of blinking {unknown}
 C - a scroll of teleportation {unknown}
Potions
 a - a potion of mutation {unknown}
 f - a potion of resistance {unknown}
 h - 2 potions of haste {unknown}
 j - 2 potions of lignification {unknown}
 l - a potion of beneficial mutation {unknown}
 o - a potion of ambrosia {unknown}
 v - 4 potions of degeneration {unknown}
 z - a potion of cancellation {unknown}
 B - a potion of brilliance {unknown}
 D - 2 potions of heal wounds {unknown}
Comestibles
 c - 7 bread rations
 s - 2 beef jerkies
 t - 3 meat rations
 E - a slice of pizza
 F - a chunk of flesh


   Skills:
 * Level 5.3 Fighting
 * Level 5.3 Axes
 + Level 3.5 Throwing
 * Level 5.7 Dodging


You had 7 spell levels left.
You didn't know any spells.

Dungeon Overview and Level Annotations

Branches:
Dungeon (6/15)             Temple (0/1) D:4

Altars:
Cheibriados
Dithmenos
The Shining One

Shops:
D:5 :

Annotations:
D:6 Dowan, Duvessa


Innate Abilities, Weirdness & Mutations

You are too large for most types of armour.
You have claws for hands.
Your metabolism is lightning-fast.
You like to eat raw meat.
You heal very quickly.
You are covered in fur (AC +1).
You have very tough skin (AC +2).


Message History

You hit Duvessa.
Duvessa is severely wounded.
Duvessa hits you but does no damage.
You hit Duvessa but do no damage.
Duvessa is severely wounded.
Duvessa misses you.
Dowan points at Duvessa and mumbles some strange words.
Duvessa seems to speed up.
Duvessa hits you with a short sword of electrocution!
* * * LOW HITPOINT WARNING * * *
You are electrocuted!
* * * LOW HITPOINT WARNING * * *
A red film seems to cover your vision as you go berserk!
You feel yourself moving faster!
You feel mighty!
Duvessa hits you with a short sword of electrocution.
* * * LOW HITPOINT WARNING * * *
You closely miss Duvessa.
Duvessa is severely wounded.
Duvessa hits you with a short sword of electrocution.
You die...

##.#######.#.#
#.# #.#.# #.#
#.#.# #.#
#.#.##### #.#
#.......# #..
.......###.#
### ########
#.# #.# #@#
#e# #e# #.#
#.# ## #.# .#
..# .########
### .........


You could see Duvessa and Dowan.

Vanquished Creatures
  Eustachio (D:6)
  A sky beast (D:5)
  Purgy (Sewer)
  An orc warrior (D:6)
  A phantom (D:4)
  4 ogres
  A big kobold (Sewer)
  A crimson imp (D:5)
  A quasit (D:6)
  2 orc priests
  4 orc wizards
  A giant frog skeleton (D:6)
  Terence (D:2)
  An iguana (D:4)
  2 worker ants (D:4)
  A worker ant zombie (D:5)
  A howler monkey skeleton (D:5)
  14 adders
  7 gnolls (D:4)
  A shadow imp (D:5)
  An ooze (D:1)
  A worm (D:2)
  2 dart slugs (D:3)
  4 giant geckos
  18 orcs
  3 ball pythons
  5 giant cockroaches
  9 goblins
  11 hobgoblins
  5 jackals
  10 kobolds
  2 quokkas
  2 bats
  9 giant newts
  6 rats
135 creatures vanquished.

Notes
Turn   | Place    | Note
--------------------------------------------------------------
     0 | D:1      | shmeve the Troll Berserker began the quest for the Orb.
     0 | D:1      | Reached XP level 1. HP: 22/22 MP: 0/0
   347 | D:1      | Reached XP level 2. HP: 28/29 MP: 1/1
  1017 | D:2      | Reached ** piety under Trog
  1019 | D:2      | Reached XP level 3. HP: 21/36 MP: 2/2
  1298 | D:2      | Reached skill level 1 in Throwing
  1481 | D:2      | Reached XP level 4. HP: 37/44 MP: 3/3
  1823 | D:2      | Noticed Terence
  1843 | D:2      | Killed Terence
  2290 | D:3      | Reached *** piety under Trog
  2355 | D:3      | Reached XP level 5. HP: 25/53 MP: 4/4
  3034 | D:4      | Noticed an ogre
  3043 | D:4      | Killed an ogre
  3043 | D:4      | Reached XP level 6. HP: 61/61 MP: 5/5
  3433 | D:4      | Found a glowing drain.
  3446 | Sewer    | Entered a sewer
  3519 | Sewer    | Reached **** piety under Trog
  3519 | Sewer    | Reached XP level 7. HP: 60/70 MP: 6/6
  3550 | Sewer    | Noticed Purgy
  3559 | Sewer    | Killed Purgy
  3655 | D:4      | Got a black opal-encrusted troll leather armour
  3672 | D:4      | Identified the cursed +1 troll leather armour "Vulummum" {rPois Regen+ Int+7 Stlth-} (You found it on level 4 of the Dungeon)
  3825 | D:4      | Found a staircase to the Ecumenical Temple.
  4103 | D:4      | Found a shadowy altar of Dithmenos.
  4192 | D:5      | Entered Level 5 of the Dungeon
  4192 | D:5      | Found Ruwepecite's Book Emporium.
  4251 | D:5      | Found a snail-covered altar of Cheibriados.
  4289 | D:5      | Reached skill level 5 in Dodging
  4290 | D:5      | Found a glowing golden altar of the Shining One.
  4368 | D:5      | Reached XP level 8. HP: 79/79 MP: 7/7
  4733 | D:6      | Noticed Eustachio
  4737 | D:6      | Killed Eustachio
  4737 | D:6      | Reached skill level 5 in Fighting
  4737 | D:6      | Reached skill level 5 in Axes
  4900 | D:6      | Noticed Dowan
  4901 | D:6      | Noticed Duvessa
  4915 | D:6      | HP: 2/80 [Duvessa/short sword of electrocution (17)]
  4917 | D:6      | Slain by Duvessa

Skill      XL: |  1  2  3  4  5  6  7  8 |
---------------+-------------------------+-----
Dodging        | 3 4 5 |  5.7
Throwing       | 1 2 3 |  3.5
Axes           | 3 4 5 |  5.3
Fighting       | 3 4 5 |  5.3

Action                   |  1- 3 |  4- 6 |  7- 9 || total
-------------------------+-------+-------+-------++-------
Melee: Hand axe          |   124 |   113 |       ||   237
       War axe           |       |    98 |   170 ||   268
Throw: Stone             |       |    69 |       ||    69
Invok: Burn Spellbooks   |     1 |       |       ||     1
       Berserk           |       |     3 |     6 ||     9
       Trog's Hand       |       |     1 |     1 ||     2
 Stab: Sleeping          |     1 |       |       ||     1
  Eat: Chunk             |    17 |    24 |    20 ||    61
Armor: Animal skin       |    64 |    74 |     4 ||   142
       Troll leather arm |       |       |    69 ||    69
       Troll hide        |       |       |     5 ||     5
Dodge: Dodged            |    89 |   125 |    93 ||   307
